 Dungeon Crawl Stone Soup version 0.31-a0-1611-g890cdf5628 (webtiles) character file.

Game seed: 16570905701846278695

429 Xavori the Trooper (level 7, 0/52 HPs)
             Began as a Djinni Chaos Knight on Jan 8, 2024.
             Was a Plaything of Xom.
             Slain by an orc
             ... wielding a +0 trident
              (2 damage)
             ... on level 4 of the Dungeon.
             The game lasted 00:03:15 (11563 turns).

Xavori the Trooper (Djinni Chaos Knight)           Turns: 11563, Time: 00:03:16

Health: 0/52       AC:  8    Str: 11    XL:     7   Next: 19%
Gold:   76         EV: 12    Int: 20    God:    Xom [......] SH:  0 Dex: 14

rFire   + + +        a - +0 falchion (chaos)
rCold   x . .        (no shield)
rNeg    . . .        q - +3 leather armour {rF+}
rPois   ∞            e - +0 helmet
rElec   .            m - +0 cloak "Myqiutixoi" {Stlth+}
rCorr   .            (no gloves)
SInv    .            (boots unavailable)
Will    +....        (no amulet)
Stlth   ++           i - +6 ring of intelligence
HPRegen 0.28/turn    k - ring of willpower
MPRegen 0.00/turn

%: infuse magic (-1 HP)
@: mighty, attractive, flying
A: sickness immunity, fire resistance 2, cold vulnerability 1, float, innate
caster, HP casting, extra vitality 1
a: Renounce Religion


You were on level 4 of the Dungeon.
You worshipped Xom.
You were a very special plaything of Xom.
You visited 1 branch of the dungeon, and saw 4 of its levels.

You collected 146 gold pieces.
You spent 70 gold pieces at shops.

Inventory:

Hand Weapons
 a - a +0 falchion of chaos (weapon)
Armour
 e - a +0 helmet (worn)
 m - the +0 cloak "Myqiutixoi" (worn) {Stlth+}
   (You found it on level 3 of the Dungeon)

   Stlth+:    It makes you more stealthy.
 q - a +3 leather armour of fire resistance (worn)
Jewellery
 i - a +6 ring of intelligence (left hand)
 k - a ring of willpower (right hand)
Wands
 o - a wand of charming (5)
 p - a wand of roots (3)
Scrolls
 c - a scroll of butterflies
 d - 2 scrolls of identify
 f - 3 scrolls of teleportation
 l - a scroll of poison {unknown}
 n - a scroll of enchant weapon {unknown}
Potions
 g - a potion of brilliance {unknown}


   Skills:
 + Level 4.0 Fighting
 + Level 3.6 Long Blades
 + Level 2.8 Armour
 + Level 3.7 Dodging
 * Level 3.0 Spellcasting
 * Level 3.0 Conjurations
 * Level 3.0 Hexes
   Level 0.0 Charms
 * Level 3.0 Summonings
 * Level 3.0 Necromancy
 * Level 3.0 Translocations
   Level 0.0 Transmutations
 * Level 3.0 Fire Magic
 * Level 3.0 Ice Magic
 * Level 3.0 Air Magic
 * Level 3.0 Earth Magic
 * Level 3.0 Alchemy


You knew the following spells:

 Your Spells              Type           Power      Damage    Failure   Level
a - Freeze                Ice            60%        1d7       5%          1
b - Static Discharge      Conj/Air       30%        3-5/arc   8%          2
c - Searing Ray           Conj           30%        2d5       8%          2
Your spell library was empty.

Dungeon Overview and Level Annotations

Branches:
Dungeon (4/15)
 Temple: D:4-7

Altars:
Elyvilon
Wu Jian

Shops:
D:1 ?   D:4 [


Innate Abilities, Weirdness & Mutations

You are immune to sickness and miasma.
You are immune to poison.
Your flesh is very heat resistant. (rF++)
You are vulnerable to cold. (rC-)
You float through the air rather than walking.
You learn spells naturally, not from books.
Your magical power is your life essence.
You have superior vitality. (+4 MHP)


Message History

You barely miss the orc priest.
The orc priest is almost dead.
The jackal bites you.
* * * LOW HITPOINT WARNING * * *
The orc hits you but does no damage. The orc priest barely misses you.
The orc hits you from afar with a +1 vampiric trident.
* * * LOW HITPOINT WARNING * * *
The jackal bites you but does no damage.
You barely miss the orc priest.
The orc priest is almost dead.
The jackal bites you but does no damage.
The orc priest calls down the wrath of Beogh upon you.
Pain shoots through your body!
* * * LOW HITPOINT WARNING * * *
The orc barely misses you. The orc hits you but does no damage.
Your ribbon worm zombie bites the orc priest.
The orc priest dies!
Your Spellcasting skill increases to level 3!
Your Conjurations skill increases to level 3!
Your Hexes skill increases to level 3!
Your Summonings skill increases to level 3!
Your Necromancy skill increases to level 3!
Your Translocations skill increases to level 3!
Your Fire Magic skill increases to level 3!
Your Ice Magic skill increases to level 3!
Your Air Magic skill increases to level 3!
Your Earth Magic skill increases to level 3!
Your Alchemy skill increases to level 3!
It was a potion of attraction.
You feel attractive to monsters.
The jackal bites you but does no damage.
The orc hits you but does no damage. The orc misses you.
The jackal bites you but does no damage.
The orc is attracted toward you. x2
It was a potion of might.
You feel very mighty all of a sudden.
Your ribbon worm zombie barely misses the orc.
The orc hits you with a +0 trident.
You die... "I guess I need a new plaything now."

.....##.......#
....$..........
§...............
§§.............#
≈§§............##
§§≈.....§§∩.....#
≈≈>.≈≈...hoo.......#
§≈_.≈≈....@Z........
≈≈≈§≈§..............
≈≈≈§≈≈..###.........
........###.........
#....##..........#
##............#.#
###......###......#
#.........# ......#
#.........###...........o.


You could see 2 orcs, a jackal and a friendly ribbon worm zombie.

Vanquished Creatures
  Grinder (D:3)
  A scorpion (D:4)
  Ijyb (D:3)
  Terence (D:3)
  3 adders (D:3)
  3 dart slugs
  5 ribbon worms
  2 orcs (D:3)
  11 endoplasms
  3 giant cockroaches
  3 goblins
  6 hobgoblins
  A jackal (D:4)
  6 quokkas
  A ball python (D:3)
  4 bats
  2 frilled lizards (D:2)
  7 kobolds
  5 rats
66 creatures vanquished.

Vanquished Creatures (collateral kills)
  An orc priest (D:4)
  A quokka (D:3)
2 creatures vanquished.

Grand Total: 68 creatures vanquished

Notes
Turn   | Place    | Note
-------+----------+-------------------------------------------
     0 | D:1      | Xavori the Djinni Chaos Knight began the quest for the Orb.
     0 | D:1      | Reached XP level 1. HP: 20/20 MP: 0/0
   147 | D:1      | Reached XP level 2. HP: 19/25 MP: 0/0
   319 | D:1      | XOM: silly message
   399 | D:1      | Found Usi Zaxa's Magic Scroll Boutique.
   412 | D:1      | Reached XP level 3. HP: 19/30 MP: 0/0
   412 | D:1      | Learned a level 1 spell: Freeze
   484 | D:1      | You are sucked into a shaft and drop 1 floor!
   516 | D:2      | Reached skill level 1 in Spellcasting
   516 | D:2      | Reached skill level 1 in Conjurations
   516 | D:2      | Reached skill level 1 in Hexes
   516 | D:2      | Reached skill level 1 in Summonings
   516 | D:2      | Reached skill level 1 in Necromancy
   516 | D:2      | Reached skill level 1 in Translocations
   516 | D:2      | Reached skill level 1 in Fire Magic
   516 | D:2      | Reached skill level 1 in Ice Magic
   516 | D:2      | Reached skill level 1 in Air Magic
   516 | D:2      | Reached skill level 1 in Earth Magic
   516 | D:2      | Reached skill level 1 in Alchemy
   548 | D:1      | XOM: divination: magic mapping
   635 | D:1      | XOM: silly message
   939 | D:1      | Bought a scroll of teleportation for 42 gold pieces
  1043 | D:1      | XOM: god gift: 31 gold pieces
  2075 | D:1      | Bought a scroll of identify for 28 gold pieces
  2427 | D:1      | XOM: cloud trail
  2642 | D:1      | XOM: silly message
  4871 | D:1      | XOM: cloud trail
  5954 | D:1      | XOM: divination: detect items
  6138 | D:1      | XOM: noise
  6491 | D:1      | XOM: silly message
  7879 | D:1      | XOM: divination: detect items
  7928 | D:1      | XOM: noise
  8209 | D:1      | XOM: god gift: scroll labelled GIKLARPH TIRO {god gift}
  8630 | D:1      | XOM is BORED!
  8690 | D:1      | XOM: cloud trail
  9508 | D:2      | XOM: polymorph giant cockroach -> kobold
  9510 | D:2      | Reached XP level 4. HP: 22/35 MP: 0/0
 10176 | D:3      | XOM: 1-stop teleportation journey
 10345 | D:3      | Noticed Grinder
 10352 | D:3      | XOM: summons friendly ufetubus
 10355 | D:3      | XOM: confuse monster(s)
 10363 | D:3      | Killed Grinder
 10364 | D:3      | Reached XP level 5. HP: 18/41 MP: 0/0
 10364 | D:3      | Learned a level 2 spell: Static Discharge
 10364 | D:3      | Reached XP level 6. HP: 20/47 MP: 0/0
 10364 | D:3      | Identified the +1 ring mail of Omuysmeun {Rampage rC-
                  | Int+5}
 10506 | D:3      | Identified the +0 cloak "Myqiutixoi" {Stlth+}
 10886 | D:3      | Noticed Ijyb
 10906 | D:3      | Killed Ijyb
 11275 | D:3      | Noticed Terence
 11285 | D:3      | Killed Terence
 11442 | D:4      | Found a white marble altar of Elyvilon.
 11455 | D:4      | Noticed Eustachio
 11468 | D:4      | Eustachio changed into Eustachio the scorpion
 11468 | D:4      | Noticed Eustachio
 11474 | D:4      | Killed Eustachio the scorpion
 11475 | D:4      | Reached skill level 4 in Fighting
 11475 | D:4      | Reached XP level 7. HP: 35/52 MP: 0/0
 11475 | D:4      | Learned a level 2 spell: Searing Ray
 11540 | D:4      | Found an ornate altar of the Wu Jian Council.
 11547 | D:4      | Found Gaprer's Antique Armour Shoppe.
 11561 | D:4      | HP: 1/52 [orc priest/nerve-wracking pain (12)]
 11563 | D:4      | Slain by an orc

Illustrated notes

Levels and vault maps discovered:
D:1:      lightli_arrival_flooded_house, layout_loops_cross, serial_glass,
          glass_columns_b, glass_columns_c, serial_shops, shop
D:2:      layout_loops_ring
D:3:      layout_basic, kennysheep_generic_room_12, uniq_ijyb, uniq_terence,
          uniq_grinder
D:4:      layout_cave_pools, mainiacjoe_overflow_cross_hatched,
          general_overflow_altar, serial_shops, shop, nicolae_shop_peninsula,
          shop, shop_scrolls, kennysheep_small_circle, uniq_robin, uniq_duvessa,
          uniq_eustachio

Skill      XL: |  1  2  3  4  5  6  7 |
---------------+----------------------+-----
Spellcasting   | 1 2 3 |  3.0
Conjurations   | 1 2 3 |  3.0
Hexes          | 1 2 3 |  3.0
Summonings     | 1 2 3 |  3.0
Necromancy     | 1 2 3 |  3.0
Translocations | 1 2 3 |  3.0
Fire Magic     | 1 2 3 |  3.0
Ice Magic      | 1 2 3 |  3.0
Air Magic      | 1 2 3 |  3.0
Earth Magic    | 1 2 3 |  3.0
Alchemy        | 1 2 3 |  3.0
Long Blades    | 3 |  3.6
Armour         | 2 |  2.8
Dodging        | 3 |  3.7
Fighting       | 4 |  4.0

Action                     |  1- 3 |  4- 6 |  7- 9 || total
---------------------------+-------+-------+-------++-------
  Melee: Falchion          |   120 |   137 |     8 ||   265
         Punch             |     1 |     1 |       ||     2
   Cast: Freeze            |       |     1 |       ||     1
    Use: Scroll            |     2 |       |       ||     2
         Potion            |       |       |     2 ||     2
   Stab: Sleeping          |       |     5 |       ||     5
 Armour: Leather armour    |    59 |    95 |    15 ||   169
  Dodge: Dodged            |    76 |    79 |    12 ||   167

Table legend: (Time is in decaauts)
 A = Elapsed time spent in this place.
 B = Non-inter-level travel time spent in this place.
 C = Inter-level travel time spent in this place.
 D = Time resting spent in this place.
 E = Time spent auto-exploring this place.
 F = Levels seen in this place.
 G = Mean time per level.
                   A        B        C        D        E       F      G
               +--------+--------+--------+--------+--------+-----+--------+
         Total |  11603 |  11408 |    195 |   8637 |   2127 |   4 | 2900.8 |
       Dungeon |  11603 |  11408 |    195 |   8637 |   2127 |   4 | 2900.8 |
               +--------+--------+--------+--------+--------+-----+--------+

Top non-repeatable levels by time:
     D:1: 9315 daAuts
     D:3: 1296 daAuts
     D:2: 841 daAuts
     D:4: 150 daAuts
